 Dungeon Crawl Stone Soup version 0.22-a0-587-g7d32d7c (webtiles) character file.

291292 royokou the Spry (level 19, -10/124 HPs)
             Began as a Deep Elf Conjurer on July 1, 2018.
             Was the Champion of Vehumet.
             Killed from afar by a crystal guardian (48 damage)
             ... with a crystal bolt
             ... on level 2 of the Vaults on July 3, 2018.
             The game lasted 06:37:14 (58401 turns).

royokou the Spry (Deep Elf Conjurer)               Turns: 58401, Time: 06:37:15

Health: -10/124    AC: 24    Str: 15    XL:     19   Next: 96%
Magic:  4/49       EV: 34    Int: 29    God:    Vehumet [******]
Gold:   3046       SH: 15    Dex: 28    Spells: 4/49 levels left

rFire    + . .     SeeInvis .   t - +10 war axe "Tighez" {freeze, rElec Str+4 Dex+2}
rCold    x . .     Gourm    .   q - +3 buckler {AC+3}
rNeg     + . .     Faith    .   a - +6 swamp dragon scales
rPois    +         Spirit   .   n - +2 helmet
rElec    +         Reflect  +   m - +1 cloak {MR+}
rCorr    .         Harm     .   u - -1 pair of gloves "Zeirotas" {rN+ Str+4 Int+4 Stlth+} (curse)
MR       ++...                  l - +2 pair of boots
Stlth    +++++++...             I - +5 amulet of reflection
HPRegen  0.30/turn              j - ring "Nokec" {Fire Dex+4 Slay+2 Stlth+}
MPRegen  0.31/turn              s - ring of magical power

@: agile, very slightly contaminated, drained
A: no striking features
}: 2/15 runes: serpentine, barnacled
a: Renounce Religion


You were on level 2 of the Vaults.
You worshipped Vehumet.
Vehumet was exalted by your worship.
You were not hungry.

You visited 7 branches of the dungeon, and saw 34 of its levels.
You also visited: Bailey.

You collected 3568 gold pieces.
You spent 522 gold pieces at shops.

Inventory:

Hand Weapons
 t - the +10 war axe "Tighez" (weapon) {freeze, rElec Str+4 Dex+2}
   (You found it on level 5 of the Dungeon)

   It has been specially enchanted to freeze those struck by it, causing extra
   injury to most foes and up to half again as much damage against particularly
   susceptible opponents.
   It can also slow down cold-blooded creatures.
   It affects your strength (+4).
   It affects your dexterity (+2).
   It insulates you from electricity.
Armour
 a - +6 swamp dragon scales (worn)
 l - a +2 pair of boots (worn)
 m - a +1 cloak of magic resistance (worn)
 n - a +2 helmet (worn)
 q - a +3 buckler of protection (worn)
 r - the +3 ring mail of Niheg {Str+3 Int+8}
   (You found it on level 6 of the Dungeon)

   It affects your strength (+3).
   It affects your intelligence (+8).
 u - the cursed -1 pair of gloves "Zeirotas" (worn) {rN+ Str+4 Int+4 Stlth+}
   (You found it on level 1 of the Vaults)

   It affects your strength (+4).
   It affects your intelligence (+4).
   It protects you from negative energy.
   It makes you more stealthy.
   It has a curse placed upon it.
Jewellery
 j - the ring "Nokec" (left hand) {Fire Dex+4 Slay+2 Stlth+}
   (You found it on level 5 of the Lair of Beasts)

   [ring of fire]

   It enhances your fire magic.
   It affects your dexterity (+4).
   It affects your accuracy and damage with ranged weapons and melee attacks
   (+2).
   It protects you from fire.
   It makes you vulnerable to cold.
   It makes you more stealthy.
 s - a ring of magical power (right hand)
 G - an uncursed ring of ice
 I - a +5 amulet of reflection (around neck)
 K - a +3 ring of protection
 M - an uncursed ring of positive energy
 R - an uncursed amulet of magic regeneration
 U - an uncursed ring of protection from fire
Wands
 E - a wand of digging (41)
 N - a wand of acid (20)
 P - a wand of iceblast (33)
 X - a wand of disintegration (30)
 Z - a wand of paralysis (11)
Scrolls
 b - 3 scrolls of fear
 i - 9 scrolls of teleportation
 k - 4 scrolls of blinking
 w - 5 scrolls of enchant weapon
 x - a scroll of fog
 y - 6 scrolls of immolation
 A - a scroll of holy word
 Q - 2 scrolls of amnesia
 V - 6 scrolls of magic mapping
 W - 3 scrolls of summoning
 Y - 26 scrolls of remove curse
Potions
 d - 7 potions of lignification
 e - 5 potions of curing
 f - 9 potions of flight
 g - 4 potions of might
 h - 4 potions of heal wounds
 o - a potion of magic
 p - 3 potions of agility
 v - 3 potions of berserk rage
 z - 4 potions of brilliance {unknown}
 C - a potion of cancellation
 H - 2 potions of mutation
 L - a potion of ambrosia
 O - a potion of invisibility
 S - 8 potions of haste
Miscellaneous
 B - a lamp of fire
 F - a crystal ball of energy
 J - a phial of floods
 T - a phantom mirror
Comestibles
 c - 38 rations


   Skills:
 - Level 15.5(15.1) Fighting
 + Level 11.5(11.1) Axes
 - Level 19.0(18.6) Dodging
 - Level 9.0(8.7) Stealth
 - Level 4.0(3.7) Shields
 - Level 15.8(15.4) Spellcasting
 + Level 16.2(15.8) Conjurations
 - Level 5.1(4.8) Hexes
 + Level 1.6(1.3) Summonings
 - Level 4.6(4.3) Translocations
 + Level 10.4(10.1) Fire Magic
 - Level 2.6(2.3) Poison Magic


You had 4 spell levels left.
You knew the following spells:

 Your Spells              Type           Power        Failure   Level  Hunger
a - Fire Storm            Conj/Fire      #######...   99%         9    #######
b - Searing Ray           Conj           ######       0%          2    None
c - Dazzling Spray        Conj/Hex       ######       1%          3    None
d - Iskenderun's Mystic   Conj           #######.     1%          4    None
e - Fulminant Prism       Conj/Hex       ######....   1%          4    None
f - Force Lance           Conj/Tloc      ######..     1%          4    None
g - Venom Bolt            Conj/Pois      ######....   1%          5    None
h - Orb of Destruction    Conj           #######...   1%          7    #####..
i - Spellforged Servitor  Conj/Summ      ######....   28%         7    #####..

Your spell library contained the following spells:

 Spells                   Type           Power        Failure   Level  Hunger
 Cause Fear               Hex            ######....   6%          4    None
 Magic Dart               Conj           ####         0%          1    None
 Bolt of Cold             Conj/Ice       ######....   7%          6    ###....
 Bolt of Magma            Conj/Fire/Erth #######...   1%          5    None
 Slow                     Hex            ######..     1%          2    None
 Throw Frost              Conj/Ice       ######       1%          2    None
 Freezing Cloud           Conj/Ice/Air   ######....   21%         6    ###....
 Teleport Other           Tloc           #####...     2%          3    None
 Blink                    Tloc           N/A          1%          2    None
 Animate Dead             Necr           N/A          41%         4    None
 Pain                     Necr           ###.         4%          1    None
 Animate Skeleton         Necr           N/A          4%          1    None
 Vampiric Draining        Necr           ###.......   13%         3    None
 Freeze                   Ice            ###.         1%          1    None
 Ozocubu's Refrigeration  Ice            ###.......   82%         6    ###....
 Summon Ice Beast         Ice/Summ       ####....     32%         4    None
 Ozocubu's Armour         Chrm/Ice       ###.....     13%         3    None
 Regeneration             Chrm/Necr      ###.......   13%         3    None
 Sublimation of Blood     Necr           ###.......   7%          2    None
 Iron Shot                Conj/Erth      ######....   7%          6    ###....
 Statue Form              Tmut/Erth      ###......    100%        6    ###....
 Ice Form                 Ice/Tmut       ###.....     41%         4    None
 Dragon Form              Tmut           ###.......   100%        7    #####..
 Deflect Missiles         Chrm/Air       ###.......   100%        6    ###....
 Throw Icicle             Conj/Ice       ######..     1%          4    None
 Ignite Poison            Fire/Tmut/Pois ######..     1%          3    None
 Metabolic Englaciation   Hex/Ice        #####.....   41%         5    None
 Silence                  Hex/Air        #####.....   41%         5    None
 Corona                   Hex            ######.      1%          1    None
 Alistair's Intoxication  Tmut/Pois      ####....     58%         5    None
 Simulacrum               Ice/Necr       ###.......   100%        6    ###....
 Portal Projectile        Hex/Tloc       #####.       1%          3    None
 Petrify                  Tmut/Erth      ###.....     41%         4    None
 Passage of Golubria      Tloc           N/A          8%          4    None
 Leda's Liquefaction      Hex/Erth       #####.....   16%         4    None
 Shroud of Golubria       Chrm/Tloc      #####.....   2%          2    None
 Inner Flame              Hex/Fire       #######.     1%          3    None
 Iskenderun's Battlesphe  Conj/Chrm      ######..     1%          5    None
 Discord                  Hex            ######....   100%        8    ######.
 Hydra Form               Tmut           ###.......   100%        6    ###....
 Irradiate                Conj/Tmut      ######....   1%          5    None
 Gell's Gravitas          Tloc           #####.....   2%          3    None
 Yara's Violent Unravell  Hex/Tmut       #####.....   12%         5    None
 Lesser Beckoning         Tloc           #####.....   2%          3    None


Dungeon Overview and Level Annotations

Branches:
Dungeon (15/15)            Temple (1/1) D:5            Lair (6/6) D:10
 Shoals (4/4) Lair:3        Snake (4/4) Lair:3        Slime (0/5) Lair:6
    Orc (2/2) D:10            Elf (0/3) Orc:2        Vaults (2/5) D:14
 Depths (0/5) D:15
  Crypt: Vaults:2-3

Altars:
Ashenzari
Dithmenos
Fedhas
Gozag
Kikubaaqudgha
Nemelex Xobeh
Okawaru
Qazlal
Ru
Sif Muna
Trog
Uskayaw
Vehumet
Wu Jian
Xom
Yredelemnul
Zin
The Shining One
Beogh
Jiyva

Shops:
D:10 !   Orc:2 [}*??   Shoals:2 [   Snake:2 (   Vaults:2 }

Portals:
Pandemonium: Orc:2

Annotations:
D:4 3 runed doors, arthad's ghost, amateur GnWn
D:14 3 runed doors, Firecrotchwizard's ghost, journeyman MfGl
Lair:3 3 runed doors, Gysy's ghost, journeyman GnFi
Lair:6 4 runed doors, Lianjan's ghost, journeyman BaFi
Vaults:2 Asterion


Message History

You see here an arrow.
A crystal guardian comes into view.
Okay, then.
Okay, then.
Okay, then.
Press: ? - help, v - describe, . - travel
Here: a crystal guardian The floor.
You feel agile all of a sudden.
The crystal guardian fires a crystalline bolt at you.
The crystal bolt misses you.
The deep elf mage mumbles some strange words.
The deep elf mage blinks!
The crystal guardian fires a crystalline bolt at you.
The crystal bolt misses you.
The crystal guardian fires a crystalline bolt at you.
The crystal bolt misses you.
The crystal guardian fires a crystalline bolt at you.
The crystal bolt freezes you!
You feel a terrible chill!
You die...

#..... #..#
#(...(.. ####..#
#....... .....' .
#...... ....# ..
#...... #### #...#
...#...#)##
.....#...#
...'...#...
.....'...# #...#)e.
#.@.# #..(e(e4
#...########..(#e..
#......(..e....#...
#..............#...
#..............####
...8..............
...................
...................
...................


You could see a crystal guardian.

Vanquished Creatures
  Saint Roka (Snake:4)
  Rupert (Lair:6)
  Polyphemus (Shoals:4)
  Donald (Snake:4)
  Agnes (Snake:3)
  A tengu reaver (Vaults:1)
  Ilsuiw (Shoals:4)
  8 nagarajas
  3 vault wardens (Vaults:1)
  A frost giant (Vaults:1)
  Aizul (Snake:4)
  An orc warlord (Orc:1)
  5 ironheart preservers
  Nessos (D:12)
  A stone giant (Vaults:2)
  2 very ugly things (Vaults:1)
  2 deep elf annihilators (Vaults:1)
  A deep elf demonologist (Vaults:2)
  6 merfolk javelineers
  A deep elf death mage (Vaults:2)
  The ghost of Luam the Spear-Bearer, a journeyman OpFi of Cheibriados (Lair:5)
  Josephine (D:11)
  3 yaktaur captains
  3 fire dragons
  6 merfolk impalers
  Harold (D:12)
  19 naga warriors
  5 hydras
  Erolcha (D:12)
  21 anacondas
  2 vault guards (Vaults:1)
  2 catoblepae
  A satyr (Shoals:4)
  6 merfolk aquamancers
  Erica (D:7)
  6 ogre magi
  3 merfolk avatars
  8 death yaks
  7 centaur warriors
  3 tengu warriors
  16 two-headed ogres
  7 orc high priests
  Urug (Lair:2)
  13 naga sharpshooters
  A deep elf knight (Vaults:2)
  5 shock serpents
  Nergalle (Lair:1)
  A sun demon (Orc:2)
  7 salamander mystics
  2 sixfirhies (Orc:2)
  4 skeletal warriors
  2 flayed ghosts
  A torturous demonspawn (Orc:2)
  9 naga ritualists
  A gelid demonspawn (Orc:2)
  3 unseen horrors
  An infernal demonspawn (Orc:2)
  A swamp dragon (Lair:6)
  5 ironbrand convokers
  8 sea snakes
  2 deep elf archers
  13 orc knights
  5 lindwurms
  16 harpies
  5 wizards
  3 deep elf magi
  22 ugly things
  9 fauns
  Pikel (D:9)
  13 orc sorcerers
  16 mana vipers
  4 cyclopes
  9 manticores
  18 salamanders
  35 black mambas
  A guardian serpent (shapeshifter) (Vaults:2)
  4 vault sentinels (Vaults:1)
  4 merfolk sirens
  30 naga magi
  A smoke demon (Orc:2)
  6 torpor snails
  3 water nymphs
  12 guardian serpents
  10 spiny frogs
  7 komodo dragons
  6 yaktaurs
  3 freezing wraiths
  6 rime drakes
  3 efreet
  2 kobold demonologists (D:9)
  A tengu conjurer (D:15)
  6 trolls
  10 hornets
  19 dream sheep
  3 tyrant leeches (Lair:6)
  21 merfolk
  3 wind drakes
  A harpy skeleton (D:15)
  15 blink frogs (Lair:6)
  Grinder (D:5)
  Prince Ribbit (D:8)
  8 hippogriffs
  7 snapping turtles
  A human simulacrum (Vaults:1)
  11 slime creatures
  Sigmund (D:5)
  A shadow (D:12)
  7 water elementals
  16 humans
  4 wyverns
  40 yaks
  5 basilisks
  5 wraiths
  3 steam dragons (Lair:6)
  A vampire mosquito (D:14)
  A catoblepas simulacrum (Lair:5)
  2 wargs (Orc:2)
  3 soldier ants
  55 nagas
  3 acid dragons
  37 water moccasins
  8 porcupines
  A hornet zombie (D:15)
  4 eyes of draining
  2 ice beasts
  A black bear (D:10)
  55 orc warriors
  A swamp drake (Lair:6)
  2 slaves (D:9)
  2 black mamba simulacra (Lair:5)
  3 sky beasts
  4 phantoms
  6 wolves (Lair:4)
  16 ogres
  2 necrophages
  18 crocodiles
  20 centaurs
  2 big kobolds (D:9)
  Blork the orc (D:8)
  17 bullfrogs
  4 scorpions
  2 troll zombies (D:10)
  A blink frog simulacrum (Lair:5)
  3 wights (D:10)
  A dream sheep simulacrum (Lair:5)
  21 killer bees
  8 electric eels
  3 howler monkeys (D:7)
  8 crimson imps
  A quasit (D:13)
  A fire crab simulacrum (Lair:5)
  4 centaur skeletons
  2 gnoll shamans
  10 hounds
  25 orc priests
  2 jellies (D:12)
  Jessica (D:3)
  3 bullfrog skeletons
  5 iguanas
  Ijyb (D:5)
  Terence (D:3)
  8 worker ants
  15 orc wizards
  6 ogre zombies (D:10)
  A hound skeleton (D:4)
  Robin (D:3)
  A worker ant zombie (D:5)
  8 gnolls
  A howler monkey skeleton (D:10)
  32 adders
  2 shadow imps
  An adder skeleton (D:4)
  5 worms
  A dart slug (D:3)
  4 leopard geckos
  125 orcs
  7 bats
  7 giant cockroaches
  29 goblins
  9 hobgoblins
  13 jackals
  8 quokkas
  A ball python (D:1)
  4 frilled lizards
  2 goblin skeletons (D:10)
  A goblin zombie (D:10)
  2 hobgoblin skeletons (D:10)
  4 hobgoblin zombies (D:10)
  A jackal skeleton (D:6)
  A jackal zombie (D:5)
  12 kobolds
  2 leopard gecko skeletons (D:4)
  3 orc skeletons (D:10)
  13 orc zombies (D:10)
  A quokka skeleton (D:8)
  2 quokka zombies
  5 rats
  4 fulminant prisms
  9 plants
1413 creatures vanquished.

Vanquished Creatures (others)
  A merfolk javelineer (Shoals:4)
  A yaktaur captain (Vaults:1)
  A centaur warrior (D:14)
  A two-headed ogre (D:15)
  3 naga sharpshooters
  A deep elf archer (Vaults:2)
  2 cyclopes
  2 fauns (Shoals:4)
  A naga mage (Snake:4)
  3 yaktaurs
  A slave (D:9)
  A centaur (D:14)
  2 orcs
  A kobold (D:9)
  269 fulminant prisms
  24 fungi
  94 plants
408 creatures vanquished.

Grand Total: 1821 creatures vanquished

Notes
Turn   | Place    | Note
-------+----------+-------------------------------------------
     0 | D:1      | royokou the Deep Elf Conjurer began the quest for the Orb.
     0 | D:1      | Reached XP level 1. HP: 10/10 MP: 6/6
   119 | D:1      | Reached XP level 2. HP: 11/15 MP: 0/8
   205 | D:1      | Learned a level 2 spell: Searing Ray
   433 | D:1      | Reached skill level 5 in Conjurations
   766 | D:1      | Reached XP level 3. HP: 19/19 MP: 5/10
   771 | D:1      | Learned a level 3 spell: Dazzling Spray
  1118 | D:2      | Reached skill level 1 in Hexes
  1352 | D:2      | Reached XP level 4. HP: 24/24 MP: 0/12
  1358 | D:2      | Learned a level 4 spell: Iskenderun's Mystic Blast
  2166 | D:3      | Noticed Terence
  2191 | D:3      | Killed Terence
  2191 | D:3      | Reached XP level 5. HP: 19/28 MP: 0/13
  2923 | D:3      | Noticed Jessica
  2924 | D:3      | Killed Jessica
  2926 | D:3      | Noticed Robin
  3241 | D:3      | Killed Robin
  3477 | D:4      | Reached skill level 5 in Spellcasting
  3490 | D:4      | Learned a level 4 spell: Fulminant Prism
  3492 | D:4      | Reached XP level 6. HP: 32/32 MP: 10/15
  4026 | D:4      | Found a shadowy altar of Dithmenos.
  4363 | D:4      | Found a runed gate.
  4365 | D:4      | Noticed arthad's ghost (amateur GnWn)
  4368 | D:4      | Found a runed gate.
  4368 | D:4      | Found a runed gate.
  4377 | D:4      | Found a roughly hewn altar of Beogh.
  4718 | D:5      | Entered Level 5 of the Dungeon
  4775 | D:5      | Reached XP level 7. HP: 4/36 MP: 12/17
  5163 | D:5      | Learned a level 4 spell: Force Lance
  5294 | D:5      | Found an ancient bone altar of Kikubaaqudgha.
  5399 | D:5      | Noticed Ijyb
  5403 | D:5      | Killed Ijyb
  5574 | D:5      | Noticed Grinder
  5584 | D:5      | Killed Grinder
  5584 | D:5      | Reached skill level 5 in Hexes
  5584 | D:5      | Reached skill level 1 in Translocations
  5681 | D:5      | Found a staircase to the Ecumenical Temple.
  5690 | Temple   | Entered the Ecumenical Temple
  5720 | Temple   | Became a worshipper of Vehumet
  5820 | D:5      | Noticed Sigmund
  5863 | D:5      | Killed Sigmund
  5863 | D:5      | Reached XP level 8. HP: 40/41 MP: 2/19
  6010 | D:5      | Got a faintly glowing war axe
  6011 | D:5      | Identified the +10 war axe "Tighez" {freeze, rElec Str+4 Dex+2} (You found it on level 5 of the Dungeon)
  6264 | D:6      | Reached skill level 1 in Fighting
  6264 | D:6      | Reached skill level 3 in Dodging
  6668 | D:6      | Got a faintly humming ring mail
  6679 | D:6      | Identified the +3 ring mail of Niheg {Str+3 Int+8} (You found it on level 6 of the Dungeon)
  6837 | D:6      | Got a warped hat
  6848 | D:6      | Identified the cursed +0 hat "Jyergh" {+Inv} (You found it on level 6 of the Dungeon)
  7080 | D:7      | Reached * piety under Vehumet
  7080 | D:7      | Offered knowledge of Sandblast by Vehumet.
  7195 | D:7      | Found a hide-covered altar of Uskayaw.
  7204 | D:7      | Reached skill level 4 in Dodging
  7689 | D:7      | Reached XP level 9. HP: 40/49 MP: 17/20
  8093 | D:7      | Reached skill level 10 in Conjurations
  8174 | D:8      | Found a roughly hewn altar of Beogh.
  8174 | D:8      | Noticed Erica
  8182 | D:7      | Killed Erica
  8182 | D:7      | Reached skill level 6 in Dodging
  8584 | D:8      | Noticed Blork the orc
  8587 | D:8      | Killed Blork the orc
  8587 | D:8      | Reached skill level 7 in Dodging
  8735 | D:8      | Noticed a two-headed ogre
  8888 | D:8      | Noticed a two-headed ogre
  8893 | D:8      | Killed a two-headed ogre
  8893 | D:8      | Reached skill level 5 in Fighting
  8893 | D:8      | Reached skill level 8 in Dodging
  8893 | D:8      | Reached XP level 10. HP: 59/59 MP: 8/21
  9098 | D:8      | Offered knowledge of Throw Flame by Vehumet.
  9102 | D:8      | Reached ** piety under Vehumet
  9353 | D:8      | Reached skill level 9 in Dodging
  9425 | D:8      | Noticed Prince Ribbit
  9429 | D:8      | Killed Prince Ribbit
  9891 | D:8      | Killed a two-headed ogre
  9891 | D:8      | Reached skill level 10 in Dodging
  9923 | D:8      | Found a sacrificial altar of Ru.
 10247 | D:9      | Noticed Pikel
 10250 | D:9      | Killed Pikel
 10250 | D:9      | Reached skill level 1 in Axes
 10267 | D:9      | Offered knowledge of Inner Flame by Vehumet.
 10470 | D:9      | Reached *** piety under Vehumet
 10728 | D:9      | Reached XP level 11. HP: 68/68 MP: 12/22
 11148 | D:10     | Entered Level 10 of the Dungeon
 11320 | D:10     | Noticed a two-headed ogre
 11330 | D:10     | Killed a two-headed ogre
 11456 | D:10     | Offered knowledge of Sticky Flame by Vehumet.
 12084 | D:10     | Reached **** piety under Vehumet
 12086 | D:10     | Found a staircase to the Orcish Mines.
 12302 | D:10     | Offered knowledge of Venom Bolt by Vehumet.
 12309 | D:10     | Learned a level 5 spell: Venom Bolt
 12313 | D:10     | Noticed a two-headed ogre
 12457 | D:9      | Killed a two-headed ogre
 12457 | D:9      | Reached skill level 1 in Poison Magic
 12669 | D:10     | Found a staircase to the Lair.
 13059 | D:10     | Found Wequ's Distillery.
 13125 | Lair:1   | Entered Level 1 of the Lair of Beasts
 13769 | Lair:1   | Noticed a five-headed hydra
 13776 | Lair:1   | Killed a five-headed hydra
 13776 | Lair:1   | Reached skill level 5 in Axes
 13908 | Lair:1   | Noticed Nergalle
 13910 | Lair:1   | Noticed a spectral orc warlord
 13917 | Lair:1   | Killed Nergalle
 14512 | Lair:2   | Reached XP level 12. HP: 76/76 MP: 26/26
 14925 | Lair:2   | Noticed Urug
 14937 | Lair:2   | Killed Urug
 14937 | Lair:2   | Reached skill level 10 in Fighting
 15784 | Lair:3   | Reached ***** piety under Vehumet
 15785 | Lair:3   | Offered knowledge of Lightning Bolt by Vehumet.
 15785 | Lair:3   | Reached skill level 10 in Spellcasting
 16621 | Lair:4   | Noticed a seven-headed hydra
 16625 | Lair:4   | Learned a level 7 spell: Orb of Destruction
 16631 | Lair:4   | Killed a seven-headed hydra
 16641 | Lair:4   | Noticed a death yak
 16641 | Lair:4   | Noticed a death yak
 16642 | Lair:4   | Noticed a death yak
 16653 | Lair:3   | Found a staircase to the Shoals.
 16750 | Lair:3   | Noticed a catoblepas
 16756 | Lair:3   | Killed a catoblepas
 16865 | Lair:3   | Found a staircase to the Snake Pit.
 17139 | Lair:3   | Found a runed gate.
 17139 | Lair:3   | Found a runed gate.
 17139 | Lair:3   | Found a runed gate.
 17141 | Lair:3   | Noticed Gysy's ghost (journeyman GnFi)
 17742 | Lair:4   | Killed a death yak
 17742 | Lair:4   | Reached XP level 13. HP: 82/82 MP: 24/31
 19203 | Lair:5   | Found a runed gate.
 19204 | Lair:5   | Found a runed gate.
 19205 | Lair:5   | Found a runed gate.
 19240 | Lair:5   | Noticed Luam's ghost (journeyman OpFi)
 19996 | Lair:6   | Entered Level 6 of the Lair of Beasts
 20418 | Lair:6   | Offered knowledge of Fireball by Vehumet.
 20660 | Lair:6   | Found a shadowy altar of Dithmenos.
 20806 | Lair:6   | Noticed Lianjan's ghost (journeyman BaFi)
 20807 | Lair:6   | Found a runed gate.
 20807 | Lair:6   | Found a runed gate.
 20807 | Lair:6   | Found a runed gate.
 20957 | Lair:6   | Found a runed door.
 21344 | Lair:6   | Reached XP level 14. HP: 88/88 MP: 28/34
 21580 | Lair:6   | Found a viscous altar of Jiyva.
 21580 | Lair:6   | Found a staircase to the Slime Pits.
 21660 | Lair:6   | Noticed Rupert
 21665 | Lair:6   | Killed Rupert
 21665 | Lair:6   | Reached skill level 10 in Axes
 22007 | Lair:6   | Reached skill level 15 in Spellcasting
 22746 | Orc:1    | Entered Level 1 of the Orcish Mines
 23012 | Orc:1    | Offered knowledge of Poison Arrow by Vehumet.
 23340 | Orc:1    | Found a shimmering altar of Xom.
 23808 | Orc:1    | Noticed an orc warlord
 23813 | Orc:1    | Killed an orc warlord
 24016 | Orc:2    | Entered Level 2 of the Orcish Mines
 24308 | Orc:2    | Found a staircase to the Elven Halls.
 24352 | Orc:2    | Found Maneosor's Magic Scroll Shoppe.
 24492 | Orc:2    | Found Azumeava's General Store.
 24512 | Orc:2    | Found Iluggawk's Magic Scroll Boutique.
 24801 | Orc:2    | Offered knowledge of Bolt of Draining by Vehumet.
 25193 | Orc:2    | HP: 1/88 [orc priest/divine providence (11)]
 25415 | Orc:2    | Bought a scroll of teleportation for 42 gold pieces
 25415 | Orc:2    | Bought a scroll of enchant armour for 105 gold pieces
 25415 | Orc:2    | Bought a scroll of blinking for 105 gold pieces
 25807 | Orc:2    | Reached skill level 11 in Dodging
 26090 | Orc:2    | Found Puup's Antique Armour Emporium.
 26090 | Orc:2    | Found a one-way gate leading to the halls of Pandemonium.
 26090 | Orc:2    | Found Yzokoud's Gadget Shoppe.
 26092 | Orc:2    | Bought a runed buckler for 270 gold pieces
 26286 | D:11     | Noticed Josephine
 26294 | D:11     | Reached skill level 1 in Shields
 26295 | D:11     | Killed Josephine
 26295 | D:11     | Reached XP level 15. HP: 72/93 MP: 10/36
 26716 | D:11     | Found a flagged portal.
 26769 | Bailey   | Entered a bailey
 27745 | D:12     | Noticed Erolcha
 27749 | D:12     | Killed Erolcha
 27840 | D:12     | Found a deep blue altar of Sif Muna.
 28080 | D:12     | Noticed Nessos
 28085 | D:12     | Killed Nessos
 28285 | D:12     | Reached ****** piety under Vehumet
 28393 | D:12     | Noticed Harold
 28396 | D:12     | Killed Harold
 29523 | D:13     | Reached skill level 12 in Dodging
 29808 | D:14     | Found a gate to the Vaults.
 29811 | D:14     | Offered knowledge of Conjure Ball Lightning by Vehumet.
 30942 | D:14     | Found a runed gate.
 30942 | D:14     | Found a runed gate.
 30942 | D:14     | Found a runed gate.
 30942 | D:14     | Noticed Firecrotchwizard's ghost (journeyman MfGl)
 31110 | D:14     | Reached skill level 13 in Dodging
 31395 | D:14     | Offered knowledge of Bolt of Fire by Vehumet.
 32306 | D:15     | Entered Level 15 of the Dungeon
 33056 | D:15     | Reached XP level 16. HP: 97/101 MP: 18/37
 33466 | D:15     | Reached skill level 14 in Dodging
 33804 | D:15     | Found a staircase to the Depths.
 33969 | D:15     | Found a glowing golden altar of the Shining One.
 34364 | Shoals:1 | Entered Level 1 of the Shoals
 34773 | Shoals:1 | Offered knowledge of Conjure Ball Lightning by Vehumet.
 35884 | Shoals:2 | Reached skill level 5 in Stealth
 36084 | Shoals:2 | Found Ymuily's Armour Shoppe.
 36692 | Shoals:3 | Reached skill level 15 in Dodging
 38071 | Shoals:4 | Entered Level 4 of the Shoals
 38818 | Shoals:4 | Noticed Ilsuiw
 38828 | Shoals:4 | Killed Ilsuiw
 39358 | Shoals:4 | Reached XP level 17. HP: 87/109 MP: 31/38
 39452 | Shoals:4 | Noticed Polyphemus
 39625 | Shoals:4 | Killed Polyphemus
 39753 | Shoals:4 | Reached skill level 16 in Dodging
 40371 | Shoals:4 | Got a barnacled rune of Zot
 41293 | Snake:1  | Entered Level 1 of the Snake Pit
 41294 | Snake:1  | Upgraded the game from 0.22-a0-579-gb62a27e to 0.22-a0-580-gd5db89c
 41903 | Snake:1  | Offered knowledge of Fire Storm by Vehumet.
 41903 | Snake:1  | Offered knowledge of Chain Lightning by Vehumet.
 41903 | Snake:1  | Offered knowledge of Tornado by Vehumet.
 42119 | Snake:1  | Learned a level 9 spell: Fire Storm
 42303 | Snake:1  | Reached skill level 1 in Fire Magic
 43413 | Snake:2  | Found a sparkling altar of Nemelex Xobeh.
 45293 | Snake:2  | Reached skill level 17 in Dodging
 45607 | Snake:2  | Found Puf Pax's Antique Weapon Shop.
 45955 | Snake:2  | Reached XP level 18. HP: 91/116 MP: 8/39
 46683 | Snake:3  | Reached skill level 5 in Fire Magic
 47027 | Snake:3  | Noticed Agnes
 47041 | Snake:3  | Killed Agnes
 48115 | Snake:4  | Entered Level 4 of the Snake Pit
 48391 | Snake:4  | Noticed Donald
 48400 | Snake:4  | Killed Donald
 49316 | Snake:4  | Noticed Aizul
 49321 | Snake:4  | Noticed Saint Roka
 49326 | Snake:4  | Killed Aizul
 49682 | Snake:4  | Killed Saint Roka
 50465 | Snake:4  | Reached skill level 15 in Conjurations
 50713 | Snake:4  | Reached skill level 18 in Dodging
 51924 | Snake:4  | Reached skill level 15 in Fighting
 52100 | Snake:4  | Reached XP level 19. HP: 102/124 MP: 10/40
 53627 | Snake:4  | Got a serpentine rune of Zot
 53813 | Lair:3   | Upgraded the game from 0.22-a0-580-gd5db89c to 0.22-a0-587-g7d32d7c
 53948 | Lair:5   | Killed Luam's ghost
 53994 | Lair:5   | Got the ring "Nokec" {Fire}
 53995 | Lair:5   | Identified the ring "Nokec" {Fire Dex+4 Slay+2 Stlth+} (You found it on level 5 of the Lair of Beasts)
 54212 | Vaults:1 | Entered Level 1 of the Vaults
 54659 | Vaults:1 | Got a pair of dazzling gloves
 54665 | Vaults:1 | Identified the cursed -1 pair of gloves "Zeirotas" {rN+ Str+4 Int+4 Stlth+} (You found it on level 1 of the Vaults)
 56542 | Vaults:1 | Reached skill level 10 in Fire Magic
 57315 | Vaults:2 | Reached skill level 19 in Dodging
 57338 | Vaults:2 | Noticed Asterion
 58225 | Vaults:2 | Learned a level 7 spell: Spellforged Servitor
 58356 | Vaults:2 | Found Echum's Gadget Shop.
 58367 | Vaults:2 | Reached skill level 1 in Summonings
 58401 | Vaults:2 | Killed from afar by a crystal guardian

Vault maps used:
D:1:      minmay_arrival_doors, kennysheep_boxes
D:2:      kennysheep_generic_room_7
D:3:      first_ration, uniq_robin, uniq_terence, uniq_jessica
D:4:      serial_glass, glass_columns_a, glass_columns_a,
          biasface_ghost_orc_armoury, grunt_dithmenos_smoke_and_mirrors
D:5:      kiku_gazebo_garden_becter, temple_hall, uniq_sigmund, uniq_grinder,
          uniq_ijyb
D:6:      serial_glass, glass_columns_a, glass_columns_b, glass_columns_a,
          glass_columns_b, glass_columns_b, glass_columns_b, uniq_blork_the_orc
D:7:      basic_altar
D:8:      nicolae_ru_path_of_blood, special_room, uniq_prince_ribbit1,
          uniq_erica
D:9:      uniq_pikel
D:10:     grunt_lair_entry_orc_guard_hut, zombieorc2_lemuel, serial_shops,
          kennysheep_mini
D:11:     enter_bailey_3, uniq_josephine
D:12:     hangedman_pestilent_swarm, amethyst_killhole, tgw_sif, uniq_harold,
          uniq_nessos, uniq_erolcha
D:14:     david_vaults_3, chequers_big_river, ebering_ghost_rock_garden,
          wad_scary_box
D:15:     grunt_enter_depths_magical_seal, minmay_strange_pillars,
          minmay_misc_feat_diagonals, nicolae_tso_swordbearing_angel
Temple:   regret_index_temple_chain_breaker
Lair:1:   nicolae_quartered_pool_little, uniq_nergalle
Lair:2:   lab_entry_generic, serial_bayou_shore_a, uniq_urug
Lair:3:   lemuel_reptile_caves, minmay_shoals_entry_centaurs,
          minmay_snake_entry_guardpost_medium, gammafunk_ghost_necromancy
Lair:4:   beast_lair_carwin_large_4, minivault_23
Lair:5:   gammafunk_ghost_icy
Lair:6:   wormcave, guppyfry_lair_end_dragon, dpeg_slime_entry_enclosed_altar,
          gammafunk_ghost_split, basic_altar, grunt_megastairs_5, uniq_rupert
Shoals:2: serial_shops, shop
Shoals:3: st_sunken_temple
Shoals:4: shoals_end_grunt_garden, shoals_ilsuiw_alternative, uniq_ilsuiw,
          uniq_polyphemus
Snake:2:  portal_ice_cave_entry_pillars_2, serial_shops, shop, basic_altar,
          st_stairs_14
Snake:3:  uniq_agnes
Snake:4:  snake_pit_salamanders_mu, uniq_donald, uniq_aizul, uniq_saint_roka
Orc:1:    cheibrodos_orc_arena, basic_altar
Orc:2:    pf_orc_diabolical, serial_shops, shop_fountains
Vaults:1: nicolae_vaults_network_star, v_misc_28, vaults_room_stairs_pillars,
          nicolae_vaults_circle_grid_b, nicolae_vaults_network_square,
          v_misc_17, vaults_mumra_minichess_inversion,
          nicolae_vaults_ring_of_whatevers, ontoclasm_vaults_spin,
          vaults_dpeg_ring, ontoclasm_vaults_bender, dpeg_vaults_monster_box
Vaults:2: v_rooms_1, serial_shops, shop, shop, uniq_asterion
Bailey:   bailey_polearm_5, bailey

Skill      XL: |  1  2  3  4  5  6  7  8  9 10 11 12 13 14 15 16 17 18 19 |
---------------+----------------------------------------------------------+-----
Conjurations   | 5 6 7 9 10 11 13 14 15 16 | 16.2
Hexes          | 1 2 3 4 5 |  5.1
Spellcasting   | 4 5 6 8 12 14 15 | 15.8
Translocations | 2 4 |  4.6
Fighting       | 2 5 7 9 10 12 13 14 15 | 15.5
Dodging        | 4 8 10 11 13 15 17 18 19 | 19.0
Axes           | 3 5 7 9 10 11 | 11.5
Poison Magic   | 2 |  2.6
Shields        | 1 4 |  4.0
Stealth        | 8 9 |  9.0
Fire Magic     | 4 8 10 | 10.4
Summonings     | 1 |  1.6

Action                   |  1- 3 |  4- 6 |  7- 9 | 10-12 | 13-15 | 16-18 | 19-21 || total
-------------------------+-------+-------+-------+-------+-------+-------+-------++-------
Melee: Unarmed           |     4 |       |       |       |       |       |       ||     4
       Short sword       |       |     6 |       |       |       |       |       ||     6
       Dagger            |       |     1 |     5 |       |       |       |       ||     6
       War axe           |       |       |    49 |   110 |   246 |   446 |   209 ||  1060
 Cast: Magic Dart        |    65 |    98 |    98 |   128 |    14 |       |       ||   403
       Searing Ray       |     7 |    23 |    19 |    30 |    16 |    11 |       ||   106
       Iskenderun's Myst |       |     5 |    24 |   115 |   395 |   606 |   137 ||  1282
       Dazzling Spray    |       |       |     2 |    10 |     4 |     6 |       ||    22
       Fulminant Prism   |       |       |     6 |    48 |    95 |    95 |    34 ||   278
       Force Lance       |       |       |     3 |    58 |   132 |   220 |   100 ||   513
       Venom Bolt        |       |       |       |    12 |    37 |    12 |       ||    61
       Orb of Destructio |       |       |       |       |    15 |    27 |    18 ||    60
Evoke: Wand              |       |       |       |       |       |     1 |       ||     1
  Use: Scroll            |     2 |     4 |    14 |    10 |    11 |    15 |     2 ||    58
       Potion            |       |       |     1 |     2 |     6 |     8 |     3 ||    20
 Stab: Invisible         |       |       |     1 |     1 |     1 |       |       ||     3
       Distracted        |       |       |       |     1 |       |     1 |     2 ||     4
       Sleeping          |       |       |       |       |     1 |     1 |     2 ||     4
  Eat: Chunk             |     1 |    10 |    16 |    23 |    36 |    14 |    13 ||   113
       Ration            |       |       |       |     2 |     4 |    15 |     3 ||    24
Armor: Robe              |     1 |     1 |     1 |       |       |       |       ||     3
       Ring mail         |       |       |    24 |    33 |    87 |    63 |       ||   207
       Leather armour    |       |       |     4 |       |       |       |       ||     4
       Swamp dragon scal |       |       |       |       |       |   139 |    39 ||   178
Dodge: Dodged            |     6 |    27 |    62 |   107 |   212 |   558 |   171 ||  1143
Block: Other             |       |       |     4 |    29 |    36 |       |       ||    69
       Reflection        |       |       |       |     1 |    24 |   116 |    33 ||   174
       Buckler           |       |       |       |       |   119 |   560 |   154 ||   833

Table legend:
 A = Spawn XP
 B = Non-spawn XP
 C = Spawn XP percentage of total XP
 D = Spawn monster count
 E = Non-spawn monster count
 F = Spawn count percentage of total count
 G = Total turns spent on level
                    A         B        C        D         E        F      G
               +---------+---------+-------+---------+---------+-------+---------
         Total |       0 |  470731 |   0.0 |       0 |    1415 |   0.0 | 58401
               +---------+---------+-------+---------+---------+-------+---------
           D:1 |       0 |      46 |   0.0 |       0 |      25 |   0.0 |   955
           D:2 |       0 |      92 |   0.0 |       0 |      24 |   0.0 |  1035
           D:3 |       0 |     219 |   0.0 |       0 |      41 |   0.0 |  1485
           D:4 |       0 |     301 |   0.0 |       0 |      16 |   0.0 |  1243
           D:5 |       0 |    1016 |   0.0 |       0 |      18 |   0.0 |  1412
           D:6 |       0 |     661 |   0.0 |       0 |      15 |   0.0 |   893
           D:7 |       0 |    1831 |   0.0 |       0 |      28 |   0.0 |  1533
           D:8 |       0 |    4416 |   0.0 |       0 |      55 |   0.0 |  1634
           D:9 |       0 |    3473 |   0.0 |       0 |      28 |   0.0 |  1383
          D:10 |       0 |    4339 |   0.0 |       0 |      60 |   0.0 |  1579
          D:11 |       0 |    4509 |   0.0 |       0 |      31 |   0.0 |  1130
          D:12 |       0 |    7550 |   0.0 |       0 |      34 |   0.0 |  1267
          D:13 |       0 |    9033 |   0.0 |       0 |      31 |   0.0 |  1460
          D:14 |       0 |   19617 |   0.0 |       0 |      61 |   0.0 |  2778
          D:15 |       0 |   18061 |   0.0 |       0 |      39 |   0.0 |  1048
        Lair:1 |       0 |    5345 |   0.0 |       0 |      17 |   0.0 |  1393
        Lair:2 |       0 |    3929 |   0.0 |       0 |      17 |   0.0 |  1405
        Lair:3 |       0 |    7658 |   0.0 |       0 |      56 |   0.0 |  1719
        Lair:4 |       0 |   11307 |   0.0 |       0 |      38 |   0.0 |  1731
        Lair:5 |       0 |    6156 |   0.0 |       0 |      23 |   0.0 |  1143
        Lair:6 |       0 |   25012 |   0.0 |       0 |      77 |   0.0 |  2663
      Shoals:1 |       0 |   13363 |   0.0 |       0 |      31 |   0.0 |  1504
      Shoals:2 |       0 |    4267 |   0.0 |       0 |       9 |   0.0 |   774
      Shoals:3 |       0 |   20163 |   0.0 |       0 |      36 |   0.0 |  3352
      Shoals:4 |       0 |   37409 |   0.0 |       0 |      55 |   0.0 |  1266
       Snake:1 |       0 |   25191 |   0.0 |       0 |      53 |   0.0 |  3868
       Snake:2 |       0 |   30626 |   0.0 |       0 |      52 |   0.0 |  1448
       Snake:3 |       0 |   17979 |   0.0 |       0 |      33 |   0.0 |  2635
       Snake:4 |       0 |   85357 |   0.0 |       0 |     130 |   0.0 |  4568
         Orc:1 |       0 |    7722 |   0.0 |       0 |      62 |   0.0 |  1330
         Orc:2 |       0 |   20332 |   0.0 |       0 |      85 |   0.0 |  2182
      Vaults:1 |       0 |   51578 |   0.0 |       0 |      73 |   0.0 |  3289
      Vaults:2 |       0 |   18411 |   0.0 |       0 |      22 |   0.0 |   900
        Bailey |       0 |    3762 |   0.0 |       0 |      40 |   0.0 |   350
               +---------+---------+-------+---------+---------+-------+---------
